 Dungeon Crawl Stone Soup version 0.24-a0-416-g56ce5178b7 (webtiles) character file.

Game seed: 11875070735524159204

301761 JellyEater the Earth Mage (level 21, -1/132 HPs)
             Began as a Gargoyle Earth Elementalist on June 7, 2019.
             Was the Champion of Vehumet.
             Slain by Mennas
             ... wielding a +5 eudemon blade of holy wrath
              (13 damage)
             ... on level 1 of the Vaults on June 9, 2019.
             The game lasted 03:26:13 (57490 turns).

JellyEater the Earth Mage (GrEE)                   Turns: 57490, Time: 03:26:14

Health: -1/132     AC: 35    Str: 17    XL:     21   Next: 4%
Magic:  33/39      EV: 20    Int: 29    God:    Vehumet [******]
Gold:   5247       SH:  0    Dex: 14    Spells: 8/48 levels left

rFire    + + .     SeeInvis .   T - +9 dire flail
rCold    + . .     Gourm    +   (shield currently unavailable)
rNeg     + . .     Faith    .   J - +2 robe {rC+ rF+}
rPois    ∞         Spirit   .   S - +2 hat {Int+3}
rElec    +         Reflect  .   y - +2 cloak {MR+}
rCorr    .         Harm     .   Z - +1 pair of gloves of Ugivui {rF+ Dex+4}
MR       ++...     Clarity  +   U - +2 pair of boots
Stlth    +++.......             o - amulet of the gourmand
HPRegen  0.32/turn              E - ring of Shadows {Umbra +Inv Stlth+}
MPRegen  0.26/turn              N - +4 ring of protection

@: mighty, flying
A: big wings, claws 1, clarity, negative energy resistance 1, electricity
resistance, unbreathing, petrification resistance, rot immunity, AC +16
}: 2/15 runes: decaying, serpentine
a: Stop Flying, Renounce Religion, Evoke Invisibility


You were on level 1 of the Vaults.
You worshipped Vehumet.
Vehumet was exalted by your worship.
You were very full.

You visited 8 branches of the dungeon, and saw 37 of its levels.
You visited 1 bazaar.
You also visited: Sewer, Ossuary and Ice Cave.

You collected 6294 gold pieces.
You spent 1047 gold pieces at shops.

Inventory:

Hand Weapons
 g - a +2 dire flail of protection
 T - a +9 dire flail (weapon)
 W - the +10 short sword "Fyos" {vamp, +Inv rC+ SInv}
   (You took it off a wizard on level 1 of the Vaults)

   It inflicts no extra harm, but heals its wielder when it wounds a living foe.
   It protects you from cold.
   It lets you see invisible.
   It lets you turn invisible.
Missiles
 b - 576 stones (quivered)
 k - 23 curare-tipped darts
 x - 5 atropa-tipped darts
 G - 4 throwing nets
 Q - 4 silver javelins
Armour
 y - a +2 cloak of magic resistance (worn)
 J - a +2 robe of resistance (worn)
 S - a +2 hat of intelligence (worn)
 U - a +2 pair of boots (worn)
 Z - the +1 pair of gloves of Ugivui (worn) {rF+ Dex+4}
   (You found it in an ice cave)

   It affects your dexterity (+4).
   It protects you from fire.
Jewellery
 o - an amulet of the gourmand (around neck)
 q - a +6 amulet of reflection
 u - an uncursed ring of magical power
 E - the ring of Shadows (left hand) {Umbra +Inv Stlth+}
   (You took it off a deep elf mage on level 3 of the Elven Halls)

   [ring of stealth]

   It lets you turn invisible.
   It makes you more stealthy.
 N - a +4 ring of protection (right hand)
Wands
 a - a wand of disintegration (38)
 e - a wand of acid (23)
 h - a wand of digging (6)
 s - a wand of clouds (5)
 t - a wand of scattershot (7)
 C - a wand of paralysis (15)
 D - a wand of iceblast (19)
Scrolls
 l - 5 scrolls of amnesia
 n - 19 scrolls of identify
 p - 14 scrolls of teleportation
 A - 4 scrolls of immolation
 B - 4 scrolls of fear
 F - 4 scrolls of blinking
 K - 11 scrolls of remove curse
 L - a scroll of fog
 R - a scroll of magic mapping
Potions
 c - 3 potions of agility
 f - a potion of brilliance
 i - 6 potions of magic
 j - 6 potions of mutation
 m - 3 potions of heal wounds
 v - 18 potions of curing
 w - 4 potions of berserk rage
 I - 2 potions of cancellation
 M - 2 potions of ambrosia
 Y - a potion of invisibility
Miscellaneous
 H - 2 phantom mirrors
 P - a box of beasts
 X - a fan of gales
Comestibles
 d - 23 rations


   Skills:
 + Level 14.6 Fighting
 + Level 13.3 Maces & Flails
 - Level 6.0 Armour
 + Level 11.7 Dodging
 - Level 2.1 Stealth
 * Level 14.4 Spellcasting
 - Level 15.0 Conjurations
   Level 0.7 Transmutations
 * Level 14.3 Fire Magic
 - Level 15.2 Earth Magic
 - Level 6.0 Evocations


You had 8 spell levels left.
You knew the following spells:

 Your Spells              Type           Power        Failure   Level  Hunger
a - Sandblast             Erth           ######       0%          1    None
b - Stone Arrow           Conj/Erth      ######       0%          3    None
c - Lee's Rapid Deconstr  Erth           #######...   1%          5    None
d - Ignition              Fire           #######...   12%         8    #######
e - Fireball              Conj/Fire      #######...   1%          5    None
f - Bolt of Fire          Conj/Fire      #######...   1%          6    ####...
g - Iron Shot             Conj/Erth      #######...   1%          6    ####...
h - Poison Arrow          Conj/Pois      ######....   4%          6    ####...

Your spell library contained the following spells:

 Spells                   Type           Power        Failure   Level  Hunger
 Lehudib's Crystal Spear  Conj/Erth      #######...   9%          8    #######
 Chain Lightning          Conj/Air       ######....   83%         8    #######
 Shatter                  Erth           #######...   71%         9    #######
 Flame Tongue             Conj/Fire      #####        0%          1    None
 Magic Dart               Conj           ####         0%          1    None
 Searing Ray              Conj           ######       0%          2    None
 Throw Flame              Conj/Fire      ######       0%          2    None
 Beastly Appendage        Tmut           ####..       1%          1    None
 Shock                    Conj/Air       ####         1%          1    None
 Passwall                 Tmut/Erth      ######..     1%          2    None
 Dazzling Spray           Conj/Hex       ######       1%          3    None
 Static Discharge         Conj/Air       ######..     1%          3    None
 Force Lance              Conj/Tloc      ######..     1%          4    None
 Fulminant Prism          Conj/Hex       ######....   1%          4    None
 Iskenderun's Mystic Bla  Conj           #######.     1%          4    None
 Leda's Liquefaction      Hex/Erth       ######....   1%          4    None
 Petrify                  Tmut/Erth      ######..     1%          4    None
 Sticky Flame             Conj/Fire      #######.     1%          4    None
 Bolt of Draining         Conj/Necr      ######....   1%          5    None
 Bolt of Magma            Conj/Fire/Erth #######...   1%          5    None
 Irradiate                Conj/Tmut      ######....   1%          5    None
 Iskenderun's Battlesphe  Conj/Chrm      ######..     1%          5    None
 Lightning Bolt           Conj/Air       ######....   1%          5    None
 Venom Bolt               Conj/Pois      ######....   1%          5    None
 Orb of Destruction       Conj           #######...   1%          7    #####..
 Apportation              Tloc           ###...       2%          1    None
 Summon Butterflies       Summ           ###.....     2%          1    None
 Summon Small Mammal      Summ           ###.         2%          1    None
 Call Imp                 Summ           ###.....     3%          2    None
 Corpse Rot               Necr           N/A          3%          2    None
 Swiftness                Chrm/Air       ###.....     3%          2    None
 Borgnjor's Vile Clutch   Necr/Erth      ######....   3%          5    None
 Bolt of Cold             Conj/Ice       ######....   4%          6    ####...
 Call Canine Familiar     Summ           ###.....     7%          3    None
 Gell's Gravitas          Tloc           ###.......   7%          3    None
 Lesser Beckoning         Tloc           ###.......   7%          3    None
 Portal Projectile        Hex/Tloc       ###...       7%          3    None
 Recall                   Summ/Tloc      N/A          7%          3    None
 Summon Guardian Golem    Hex/Summ       ###.....     7%          3    None
 Tukima's Dance           Hex            ###.....     7%          3    None
 Airstrike                Air            ###.......   7%          4    None
 Freezing Cloud           Conj/Ice/Air   #####.....   13%         6    ####...
 Yara's Violent Unravell  Hex/Tmut       ###.......   16%         5    None
 Ice Form                 Ice/Tmut       ###.....     21%         4    None
 Animate Dead             Necr           N/A          24%         4    None
 Summon Ice Beast         Ice/Summ       ###.....     24%         4    None
 Summon Lightning Spire   Summ/Air       ###.....     24%         4    None
 Spellforged Servitor     Conj/Summ      ######....   24%         7    #####..
 Alistair's Intoxication  Tmut/Pois      ###.....     50%         5    None
 Metabolic Englaciation   Hex/Ice        ###.......   54%         5    None
 Summon Demon             Summ           ###.......   54%         5    None
 Summon Forest            Summ/Tloc      ###.......   54%         5    None
 Ozocubu's Refrigeration  Ice            ###.......   63%         6    ####...
 Hydra Form               Tmut           ####......   95%         6    ####...
 Death Channel            Necr           ###.......   98%         6    ####...
 Dispersal                Tloc           ###.......   98%         6    ####...
 Invisibility             Hex            ###.....     98%         6    ####...
 Shadow Creatures         Summ           N/A          98%         6    ####...
 Simulacrum               Ice/Necr       ###.......   98%         6    ####...
 Summon Hydra             Summ           ###.......   100%        7    #####..
 Controlled Blink         Tloc           N/A          100%        8    #######
 Disjunction              Tloc           ###.......   100%        8    #######
 Statue Form              Tmut/Erth      Unusable     N/A         6    N/A

Dungeon Overview and Level Annotations

Branches:
Dungeon (15/15)            Temple (1/1) D:7            Lair (6/6) D:11
  Swamp (4/4) Lair:4        Snake (4/4) Lair:4        Slime (0/5) Lair:5
    Orc (2/2) D:10            Elf (3/3) Orc:2        Vaults (2/5) D:13
 Depths (0/5) D:15
  Crypt: Vaults:2-3

Altars:
Ashenzari
Cheibriados
Dithmenos
Elyvilon
Fedhas
Gozag
Hepliaklqana
Kikubaaqudgha
Makhleb
Nemelex Xobeh
Okawaru
Qazlal
Ru
Sif Muna
Trog
Uskayaw
Vehumet
Wu Jian
Xom
Yredelemnul
Zin
The Shining One
Beogh
Jiyva

Shops:
D:4 %   D:12 }   Orc:2 :[:?   Elf:2 [   Snake:2 =}=   Vaults:1 [

Annotations:
D:7 2 transporters, stonage's ghost, novice OpTm
Lair:5 1 runed translucent door
Swamp:2 2 runed translucent doors, Munoteit's ghost, adept TeAE
Elf:2 3 runed translucent doors
Vaults:1 Mennas
Vaults:2 Sojobo


Innate Abilities, Weirdness & Mutations

You are resistant to torment.
Your stone body is resilient. (AC +16)
You are immune to poison.
Your large and strong wings let you fly indefinitely.
You resist negative energy. (rN+)
You are resistant to electric shocks. (rElec)
You can survive without breathing.
You are immune to petrification.
You are immune to rotting.
You have sharp fingernails.
You possess an exceptional clarity of mind.


Message History

Unknown command.
Mennas blocks your attack.
Mennas is moderately wounded.
Mennas hits you with a +5 eudemon blade of holy wrath.
* * * LOW HITPOINT WARNING * * *
Mennas hits you with a +5 eudemon blade of holy wrath!
* * * LOW HITPOINT WARNING * * *
Mennas blocks your yaktaur's attack. x2; Your yaktaur completely misses Mennas.
Mennas blocks your yaktaur's attack.
Casting: Ignition (quite dangerous; 12% risk of failure)
Confirm with . or Enter, or press ? or * to list all spells.
Aiming: Iron Shot (safe; 1% risk of failure)
Press: ? - help, Shift-Dir - straight line, f - Mennas
Aim: Mennas, wielding a +5 eudemon blade of holy wrath and wearing a +2 large shield (moderately wounded) Really fire in your yaktaur's direction?
The iron shot hits Mennas!!
Mennas is heavily wounded.
Mennas looks to the heavens.
Mennas hits you with a +5 eudemon blade of holy wrath!
You die...

#######.....................#....
......#..................)?.#....
......#.................))).#....
......#.....................#....
......#..###'######.........#....
......#..#........#.........#....
......#..#.....ccc#.........#####
####'###.#....ccA.#..............
.#.....#.#.....c@c#..............
.#.....#.#........#..............
.#..#..#.#........#..............
.#..#..#.##########..............
.#..#..#.....................####
.#..#..#.....................# #
.#..#..#............}........# ##
.#..#..#.....................###.
.#..#..#.....................##..


You could see Mennas and 7 friendly yaktaurs.

Vanquished Creatures
  Nikola (Snake:3)
  Rupert (D:13)
  2 deep elf blademasters
  An acid blob (shapeshifter) (Elf:3)
  Frances (Elf:1)
  A thorn hunter (Swamp:3)
  Kirke (Swamp:1)
  Roxanne (Swamp:1)
  6 nagarajas (Snake:4)
  9 deep elf sorcerers
  An orc warlord (Elf:3)
  5 vault wardens
  Aizul (Snake:3)
  8 ironheart preservers
  3 deep elf elementalists (Elf:3)
  A stone giant (Vaults:2)
  A very ugly thing (Swamp:4)
  2 entropy weavers
  6 deep elf demonologists (Elf:3)
  Nessos (Orc:2)
  8 deep elf annihilators
  A dire elephant (Lair:4)
  A fire dragon (Vaults:1)
  Josephine (D:14)
  5 deep elf high priests (Elf:3)
  Erolcha (Orc:2)
  6 deep elf death magi
  5 ogre magi
  A yaktaur captain (D:15)
  A rakshasa (Vaults:1)
  11 naga warriors
  Fannar (Lair:1)
  6 vault guards
  A ghost crab (Swamp:1)
  3 catoblepae (Lair:6)
  22 hydras
  2 ice dragons
  2 centaur warriors
  4 shambling mangroves
  An anaconda (Snake:2)
  19 alligators
  18 two-headed ogres
  5 death yaks (Lair:6)
  8 dancing weapons
  2 death knights
  A deep troll earth mage (Vaults:1)
  8 naga sharpshooters
  Urug (Lair:5)
  Sonja (Lair:6)
  Nergalle (Orc:2)
  3 orc high priests
  A shadow wraith (Vaults:2)
  10 deep elf knights
  A small abomination (Elf:3)
  A fire crab (Elf:2)
  A wizard (Vaults:1)
  13 deep trolls
  A skeletal warrior (D:12)
  3 sea snakes (Snake:3)
  3 spriggan druids
  3 unseen horrors
  7 deep elf archers
  2 naga ritualists (Snake:1)
  13 swamp dragons
  5 lindwurms
  22 orc knights
  28 ugly things
  2 oklob plants (D:10)
  13 orc sorcerers
  6 wolf spiders
  4 ironbrand convokers (Vaults:1)
  7 manticores
  7 mana vipers
  40 deep elf magi
  6 cyclopes
  16 elephants
  8 salamanders
  13 naga magi
  3 ice statues (IceCv)
  Joseph (D:8)
  Maurice (D:13)
  2 molten gargoyles (Elf:2)
  24 black mambas
  21 spiny frogs
  Psyche (D:8)
  4 rime drakes
  2 kobold demonologists (D:15)
  4 freezing wraiths
  15 komodo dragons
  6 yaktaurs
  A tengu conjurer (D:15)
  3 efreet
  10 trolls
  A polar bear (Lair:6)
  7 hornets
  Prince Ribbit (D:7)
  9 tyrant leeches
  3 bog bodies
  10 hippogriffs
  7 blink frogs (Lair:1)
  A centaur simulacrum (D:15)
  28 slime creatures
  A snapping turtle (shapeshifter) (Elf:3)
  5 water elementals
  An air elemental (Elf:1)
  A vampire (D:9)
  2 redbacks (Vaults:1)
  12 wraiths
  Sigmund (D:6)
  A tarantella (Vaults:1)
  3 fire elementals
  31 yaks
  4 spriggans
  4 wyverns
  2 hungry ghosts
  A basilisk (Lair:1)
  4 hogs (Swamp:1)
  A human (D:10)
  15 vampire mosquitoes
  47 nagas
  5 wargs
  Duvessa (D:6)
  14 swamp worms
  2 acid dragons
  A soldier ant (D:13)
  A soldier ant (shapeshifter) (D:13)
  6 porcupines
  12 water moccasins
  21 ice beasts
  6 sky beasts
  4 black bears
  9 swamp drakes
  28 orc warriors
  A necrophage (D:10)
  13 ogres
  An eye of draining (D:9)
  2 phantoms
  21 wolves
  22 centaurs
  4 crocodiles
  3 big kobolds
  A wyvern zombie (D:13)
  17 bullfrogs
  A water moccasin zombie (D:9)
  Dowan (D:6)
  6 scorpions
  5 killer bees (D:10)
  12 wights
  6 electric eels
  5 howler monkeys
  2 lava snakes
  10 crimson imps
  9 centaur zombies
  4 jellies
  3 quasits
  2 bullfrog zombies (D:9)
  10 hounds
  A human zombie (Ossuary)
  32 orc priests
  3 bullfrog skeletons
  3 iguanas
  17 worker ants
  33 orc wizards
  2 merfolk sirens (Sewer)
  A merfolk avatar (Sewer)
  3 mummies (Ossuary)
  5 hound skeletons
  A howler monkey zombie (D:7)
  Robin (D:2)
  A worker ant zombie (D:10)
  17 adders
  15 gnolls
  2 river rats (Sewer)
  4 shadow imps
  2 oozes
  6 adder zombies
  8 worms
  4 dart slugs
  9 leopard geckos
  83 orcs
  7 giant cockroaches
  18 goblins
  9 hobgoblins
  6 jackals
  20 kobolds
  7 quokkas
  7 ball pythons
  6 bats
  7 frilled lizards
  3 goblin zombies (Ossuary)
  4 hobgoblin zombies
  A jackal zombie (D:8)
  3 kobold zombies (Ossuary)
  An orc zombie (D:8)
  A quokka zombie (Ossuary)
  31 rats
  2 rat zombies (Ossuary)
  2 fungi (Lair:4)
  2 plants
1401 creatures vanquished.

Vanquished Creatures (collateral kills)
  A plant (D:10)
1 creature vanquished.

Vanquished Creatures (others)
  A spriggan (Swamp:4)
  A spriggan druid (Swamp:3)
  A hornet (Swamp:4)
  2 centaurs
  A bullfrog (Lair:5)
  A centaur skeleton (D:9)
  2 kobolds
  A fire vortex (Vaults:2)
  13 fungi
  19 plants
42 creatures vanquished.

Grand Total: 1444 creatures vanquished

Notes
Turn   | Place    | Note
-------+----------+-------------------------------------------
     0 | D:1      | JellyEater the Gargoyle Earth Elementalist began the quest
                  | for the Orb.
     0 | D:1      | Reached XP level 1. HP: 10/10 MP: 3/3
    97 | D:1      | Reached XP level 2. HP: 14/15 MP: 1/5
   681 | D:1      | Reached XP level 3. HP: 19/19 MP: 6/6
   686 | D:1      | Learned a level 3 spell: Stone Arrow
  1077 | D:2      | Reached skill level 1 in Conjurations
  1244 | D:2      | Reached XP level 4. HP: 24/24 MP: 8/8
  1356 | D:2      | Noticed Robin
  1391 | D:2      | Killed Robin
  1880 | D:2      | Found a shattered altar of Ashenzari.
  2050 | D:2      | Reached skill level 5 in Earth Magic
  2149 | D:2      | Reached XP level 5. HP: 28/28 MP: 6/9
  2156 | D:2      | Learned a level 5 spell: Lee's Rapid Deconstruction
  3154 | D:4      | Reached XP level 6. HP: 28/32 MP: 7/11
  3200 | D:4      | Found Gummaaga's Food Shop.
  3260 | D:4      | Found a glowing drain.
  3301 | Sewer    | Entered a sewer
  4618 | D:4      | Reached XP level 7. HP: 36/36 MP: 13/13
  5003 | D:4      | Found a glowing silver altar of Zin.
  5111 | D:5      | Entered Level 5 of the Dungeon
  5334 | D:5      | Reached skill level 1 in Armour
  5364 | D:5      | Reached skill level 1 in Fighting
  5364 | D:5      | Reached skill level 1 in Maces & Flails
  5364 | D:5      | Reached skill level 1 in Evocations
  5364 | D:5      | Reached XP level 8. HP: 43/43 MP: 10/15
  5449 | D:5      | Reached skill level 5 in Spellcasting
  5887 | D:5      | Found a white marble altar of Elyvilon.
  5948 | D:5      | Reached skill level 5 in Conjurations
  6477 | D:6      | Found a glowing golden altar of the Shining One.
  6550 | D:6      | Reached XP level 9. HP: 49/49 MP: 6/17
  6852 | D:6      | Noticed Sigmund
  6854 | D:6      | Killed Sigmund
  6906 | D:6      | Noticed Dowan
  6915 | D:6      | Killed Dowan
  7036 | D:6      | Noticed Duvessa
  7051 | D:6      | Killed Duvessa
  7715 | D:7      | Found a transporter.
  7715 | D:7      | Noticed stonage's ghost (novice OpTm)
  7749 | D:7      | Found a transporter.
  7818 | D:7      | Noticed Prince Ribbit
  7829 | D:7      | Killed Prince Ribbit
  7914 | D:7      | Found a staircase to the Ecumenical Temple.
  7923 | Temple   | Entered the Ecumenical Temple
  8411 | D:7      | Found a sparkling altar of Nemelex Xobeh.
  8556 | D:8      | Found a sand-covered staircase.
  8568 | Ossuary  | Entered an ossuary
  8937 | D:8      | Found a snail-covered altar of Cheibriados.
  8937 | D:8      | Noticed Psyche
  8951 | D:8      | Killed Psyche
  8951 | D:8      | Reached XP level 10. HP: 55/56 MP: 18/18
  9318 | D:8      | Found an iron altar of Okawaru.
  9318 | D:8      | Found a radiant altar of Vehumet.
  9320 | D:8      | Found a sacrificial altar of Ru.
  9320 | D:8      | Found an ancient bone altar of Kikubaaqudgha.
  9331 | D:8      | Became a worshipper of Vehumet
  9745 | D:8      | Noticed Joseph
  9762 | D:8      | Killed Joseph
 10518 | D:9      | Noticed a green ugly thing
 10522 | D:9      | Reached skill level 5 in Armour
 10524 | D:9      | Noticed a manticore
 10528 | D:9      | Killed a brown ugly thing
 10528 | D:9      | Reached skill level 5 in Fighting
 10535 | D:9      | Killed a manticore
 10813 | D:9      | Reached * piety under Vehumet
 10813 | D:9      | Offered knowledge of Sting by Vehumet.
 10848 | D:9      | Reached XP level 11. HP: 64/64 MP: 21/21
 10977 | D:9      | Noticed an orc knight
 10984 | D:9      | Killed an orc knight
 11311 | D:9      | Found a hazy altar of Hepliaklqana.
 11511 | D:10     | Entered Level 10 of the Dungeon
 11562 | D:10     | Reached skill level 5 in Maces & Flails
 11695 | D:10     | Offered knowledge of Freeze by Vehumet.
 11731 | D:10     | Reached ** piety under Vehumet
 12065 | D:10     | Killed an unseen horror
 12227 | D:10     | Reached skill level 5 in Dodging
 12231 | D:10     | Offered knowledge of Conjure Flame by Vehumet.
 12231 | D:10     | Reached skill level 5 in Evocations
 12410 | D:10     | Found a blossoming altar of Fedhas.
 12412 | D:10     | Noticed an oklob plant
 12412 | D:10     | Noticed an oklob plant
 12638 | D:10     | Killed an oklob plant
 12698 | D:10     | Killed an oklob plant
 13026 | D:10     | Found a staircase to the Orcish Mines.
 13689 | D:11     | Reached *** piety under Vehumet
 13996 | D:11     | Found a staircase to the Lair.
 14017 | D:11     | Noticed a cyclops
 14023 | D:11     | Killed a cyclops
 14023 | D:11     | Reached skill level 10 in Earth Magic
 14023 | D:11     | Reached XP level 12. HP: 71/71 MP: 11/23
 14310 | D:11     | Offered knowledge of Olgreb's Toxic Radiance by Vehumet.
 15055 | D:12     | Got a brightly glowing helmet
 15073 | D:11     | Identified the +0 helmet of the King of the Hill {Str+4
                  | Dex+4} (You found it on level 12 of the Dungeon)
 15325 | D:12     | Noticed a death knight
 15330 | D:12     | Reached **** piety under Vehumet
 15331 | D:12     | Killed a death knight
 15343 | D:12     | Offered knowledge of Ignite Poison by Vehumet.
 15478 | D:12     | Noticed a two-headed ogre
 15484 | D:12     | Killed a two-headed ogre
 15557 | D:12     | Found Ewana's Gadget Shop.
 15854 | D:13     | Noticed a two-headed ogre
 15865 | D:13     | Found a frozen archway.
 15880 | IceCv    | Entered an ice cave
 16382 | IceCv    | Got a pair of bloodstained gloves
 16393 | IceCv    | Identified the +1 pair of gloves of Ugivui {rF+ Dex+4} (You
                  | found it in an ice cave)
 16451 | D:13     | Killed a two-headed ogre
 16451 | D:13     | Reached XP level 13. HP: 73/78 MP: 25/25
 16504 | D:13     | Gained mutation: You possess an exceptional clarity of
                  | mind. [potion of mutation]
 16504 | D:13     | Gained mutation: You have sharp fingernails. [potion of
                  | mutation]
 16520 | D:13     | Reached ***** piety under Vehumet
 16520 | D:13     | Offered knowledge of Venom Bolt by Vehumet.
 16824 | D:13     | Learned a level 5 spell: Venom Bolt
 16918 | D:13     | Noticed an ogre mage
 16922 | D:13     | Paralysed by an ogre mage for 2 turns
 16924 | D:13     | Killed an ogre mage
 17150 | D:13     | Noticed Rupert
 17161 | D:13     | Killed Rupert
 17219 | D:13     | Found a gate to the Vaults.
 17392 | D:13     | Noticed Maurice
 17398 | D:13     | Killed Maurice
 17440 | D:13     | Reached skill level 10 in Conjurations
 18853 | D:14     | Gained mutation: Your large and strong wings let you fly
                  | indefinitely. [Gargoyle growth]
 18853 | D:14     | Reached XP level 14. HP: 62/86 MP: 10/27
 19151 | D:14     | Noticed Josephine
 19170 | D:14     | Killed Josephine
 19505 | Lair:1   | Entered Level 1 of the Lair of Beasts
 19510 | Lair:1   | Noticed Fannar
 19521 | Lair:1   | Killed Fannar
 20170 | Lair:1   | Offered knowledge of Spellforged Servitor by Vehumet.
 21375 | Lair:2   | Reached skill level 10 in Fighting
 22452 | Lair:3   | Offered knowledge of Fireball by Vehumet.
 22463 | Lair:3   | Learned a level 5 spell: Fireball
 22565 | Lair:4   | Found a staircase to the Swamp.
 22831 | Lair:4   | Reached skill level 1 in Fire Magic
 22851 | Lair:4   | Noticed a dire elephant
 22862 | Lair:4   | Killed a dire elephant
 22862 | Lair:4   | Reached skill level 10 in Spellcasting
 23430 | Lair:4   | Found a staircase to the Snake Pit.
 23823 | Lair:5   | Reached XP level 15. HP: 78/93 MP: 29/29
 23898 | Lair:5   | Noticed Urug
 23917 | Lair:5   | Killed Urug
 24083 | Lair:5   | Found a bloodstained altar of Trog.
 24239 | Lair:5   | Found a runed translucent door.
 24240 | Lair:5   | Found a viscous altar of Jiyva.
 24242 | Lair:5   | Found a staircase to the Slime Pits.
 24242 | Lair:5   | Noticed an acid blob
 24605 | Lair:6   | Entered Level 6 of the Lair of Beasts
 24670 | Lair:6   | Noticed Sonja
 24684 | Lair:6   | Killed Sonja
 26543 | Lair:6   | Reached skill level 5 in Fire Magic
 26797 | Lair:6   | Offered knowledge of Yara's Violent Unravelling by Vehumet.
 27025 | Orc:1    | Entered Level 1 of the Orcish Mines
 27236 | Orc:1    | Paralysed by an orc sorcerer for 7 turns
 27341 | Orc:1    | Paralysed by an orc sorcerer for 4 turns
 27345 | Orc:1    | Reached skill level 10 in Maces & Flails
 27900 | Orc:2    | Entered Level 2 of the Orcish Mines
 27940 | Orc:2    | Paralysed by an orc sorcerer for 6 turns
 28258 | Orc:2    | Noticed Nessos
 28273 | Orc:2    | Killed Nessos
 28594 | Orc:1    | Found a roughly hewn altar of Beogh.
 28854 | Orc:2    | Found a staircase to the Elven Halls.
 28989 | Orc:2    | Found Neatoefa's Antique Armour Emporium.
 29042 | Orc:2    | Bought a scorched cloak for 218 gold pieces
 29042 | Orc:2    | Identified the +0 cloak of the Hills {rCorr Str-5 Dex+5}
                  | (You bought it in a shop on level 2 of the Orcish Mines)
 29058 | Orc:2    | Noticed Erolcha
 29065 | Orc:2    | Paralysed by an orc sorcerer for 2 turns
 29107 | Orc:2    | Killed Erolcha
 29162 | Orc:2    | Found a radiant altar of Vehumet.
 29167 | Orc:2    | Found Xaidenn's Magic Scroll Emporium.
 29199 | Orc:2    | Paralysed by an orc sorcerer for 5 turns
 29210 | Orc:2    | Offered knowledge of Poison Arrow by Vehumet.
 29216 | Orc:2    | Noticed Nergalle
 29230 | Orc:2    | Killed Nergalle
 29232 | Orc:2    | Found an ancient bone altar of Kikubaaqudgha.
 29239 | Orc:2    | Found a roughly hewn altar of Beogh.
 29316 | Orc:2    | Found Bagad's Book Shoppe.
 29323 | Orc:2    | Found Leopt's Book Shoppe.
 29324 | Orc:2    | Bought a book of Power for 630 gold pieces
 29330 | Orc:2    | Learned a level 5 spell: Bolt of Magma
 29337 | Orc:2    | Learned a level 6 spell: Iron Shot
 29694 | D:15     | Entered Level 15 of the Dungeon
 30084 | D:15     | Reached XP level 16. HP: 79/100 MP: 30/30
 31164 | D:15     | Found a staircase to the Depths.
 31446 | Snake:1  | Entered Level 1 of the Snake Pit
 32060 | Snake:1  | Learned a level 6 spell: Poison Arrow
 33655 | Snake:2  | Found Cismejuz's Gadget Emporium.
 33656 | Snake:2  | Found Evufi's Jewellery Boutique.
 33656 | Snake:2  | Found Ahuyt's Jewellery Boutique.
 34371 | Snake:3  | Offered knowledge of Bolt of Fire by Vehumet.
 34380 | Snake:3  | Learned a level 6 spell: Bolt of Fire
 34432 | Snake:3  | Identified the Volume of the Creative Rocks
 34434 | Snake:3  | Noticed Nikola
 34436 | Snake:3  | Noticed Aizul
 34651 | Snake:3  | Killed Nikola
 34855 | Snake:3  | Killed Aizul
 36414 | Snake:4  | Entered Level 4 of the Snake Pit
 36515 | Swamp:1  | Entered Level 1 of the Swamp
 36893 | Swamp:1  | Reached XP level 17. HP: 78/106 MP: 32/32
 37542 | Swamp:1  | Noticed Kirke
 37557 | Swamp:1  | Killed Kirke
 37759 | Swamp:1  | Identified Roxanne's Guide on Moulding
 37759 | Swamp:1  | Noticed Roxanne
 37763 | Swamp:1  | Killed Roxanne
 38337 | Swamp:2  | Found a large runed translucent door.
 38338 | Swamp:2  | Found a large runed translucent door.
 38339 | Swamp:2  | Noticed Munoteit's ghost (adept TeAE)
 38981 | Swamp:2  | Offered knowledge of Conjure Ball Lightning by Vehumet.
 39801 | Swamp:2  | Found a blossoming altar of Fedhas.
 40317 | Swamp:3  | Reached skill level 10 in Fire Magic
 40511 | Swamp:3  | Reached skill level 10 in Dodging
 41776 | Swamp:4  | Entered Level 4 of the Swamp
 42533 | Swamp:3  | Reached XP level 18. HP: 76/113 MP: 33/33
 43245 | Swamp:4  | Got a decaying rune of Zot
 43979 | Lair:4   | Upgraded the game from 0.24-a0-415-g6d73c25c48 to
                  | 0.24-a0-416-g56ce5178b7
 44341 | Elf:1    | Entered Level 1 of the Elven Halls
 44365 | Elf:1    | Reached skill level 15 in Earth Magic
 44495 | Elf:1    | Reached ****** piety under Vehumet
 45046 | Elf:1    | Offered knowledge of Lehudib's Crystal Spear by Vehumet.
 45046 | Elf:1    | Offered knowledge of Shatter by Vehumet.
 45046 | Elf:1    | Offered knowledge of Chain Lightning by Vehumet.
 45164 | Elf:1    | Noticed Frances
 45168 | Elf:1    | Killed Frances
 45174 | Elf:1    | Identified the Volume of Arcane Weapons
 46001 | Elf:2    | Found Jikle's Armour Boutique.
 46311 | Elf:2    | Identified the Incunabulum of Ignition
 46323 | Elf:2    | Learned a level 8 spell: Ignition
 46417 | Elf:2    | Found a runed translucent gate.
 46417 | Elf:2    | Found a runed translucent gate.
 46417 | Elf:2    | Found a runed translucent gate.
 46586 | Elf:3    | Entered Level 3 of the Elven Halls
 46622 | Elf:3    | Found a flickering gateway to a bazaar.
 46657 | Bazaar   | Entered a bazaar
 46771 | Bazaar   | Found Ozunwut's Antique Armour Shop.
 46807 | Bazaar   | Found Fouqameym's Gadget Shop.
 46839 | Bazaar   | Bought a pair of slimy gloves for 199 gold pieces
 46839 | Bazaar   | Identified the cursed +0 pair of gloves of Courage {Str+3}
                  | (You bought it in a shop in a bazaar)
 47123 | Elf:3    | Found a roughly hewn altar of Beogh.
 47645 | Elf:3    | Noticed a deep elf blademaster
 47838 | Elf:3    | Killed a deep elf blademaster
 47846 | Elf:2    | Reached XP level 19. HP: 112/119 MP: 11/35
 48476 | Elf:2    | Identified a scroll of acquirement
 48496 | Elf:3    | Identified the cursed +1 scimitar "Saudduw" {slice,
                  | *Corrode +Rage Int+2}
 48675 | Elf:3    | Identified the ring "Adyparph" {+Inv +Fly}
 49067 | Elf:3    | Identified the ring "Owkufyit" {rN+ EV+1}
 49320 | Elf:3    | Identified the +6 halberd "Eviscerator" {antimagic, *Contam
                  | rElec rPois MR+}
 49691 | Elf:3    | Identified the +10 whip of the Evening {freeze, Dex+3}
 49911 | Elf:3    | Identified the +5 great sword of Tyrucag {drain, Dex+4}
 50548 | Elf:3    | Found a roughly hewn altar of Beogh.
 52519 | Snake:4  | Reached XP level 20. HP: 118/126 MP: 35/37
 52768 | Snake:4  | Got a serpentine rune of Zot
 53127 | Vaults:1 | Entered Level 1 of the Vaults
 53605 | Vaults:1 | Identified the +10 short sword "Fyos" {vamp, +Inv rC+ SInv}
 53921 | Vaults:1 | Found Hyrim's Armour Shoppe.
 56273 | Vaults:2 | Reached skill level 15 in Conjurations
 56637 | Vaults:2 | Reached XP level 21. HP: 94/132 MP: 25/39
 56990 | Vaults:2 | Noticed Mennas
 57415 | Vaults:2 | Noticed Sojobo
 57490 | Vaults:1 | Slain by Mennas

Levels and vault maps discovered:
D:1:      dpeg_arrival_rooms_b, layout_basic, minmay_misc_feat_more_columns,
          kennysheep_another_room
D:2:      layout_basic, nicolae_overflow_crystal_walls, uniq_robin
D:3:      layout_loops_ring, first_ration
D:4:      layout_rooms, kennysheep_mini, cheibrodos_sewer_entry_bend,
          serial_shops, shop, minmay_diced_spiral
D:5:      layout_basic, overflow_temple_1_default
D:6:      layout_loops_ring, minivault_4, minmay_misc_feat_cross,
          nicolae_tso_carved_into_rock, uniq_sigmund, uniq_duvessa
D:7:      layout_loops_ring, nemelex_xobeh_ov_fountains_minmay,
          minmay_temple_entry_fiery, gammafunk_ghost_mausoleum,
          uniq_prince_ribbit1
D:8:      layout_basic, slow_altar_1,
          chequers_temple_overflow_statue_of_worship, enter_ossuary_3,
          serial_rivers, chequers_serial_rivers_room_a,
          chequers_serial_rivers_micro_e, chequers_serial_rivers_large_b,
          chequers_serial_rivers_room_a, chequers_serial_rivers_small_a,
          uniq_psyche, uniq_joseph
D:9:      minmay_the_grid_4x2 [minmay_the_grid_armoury,
          minmay_the_grid_plusring, minmay_the_grid_minigrid_large,
          minmay_the_grid_box_x, minmay_the_grid_medium_cups,
          minmay_the_grid_fan, minmay_the_grid_spin_star,
          minmay_the_grid_prize_big_room], layout_rooms,
          nicolae_overflow_hidden_temple
D:10:     layout_basic, orc_0_dummy, grunt_pizzeria, hangedman_tree_tricks,
          chequers_big_river
D:11:     layout_grid_maze, grunt_lair_entry_orc_guard_hut
D:12:     layout_cave_pools, serial_shops, shop
D:13:     layout_cave_pools, david_vaults_2, portal_ice_cave_entry_ice_beasts,
          roderic_lattice_a, uniq_maurice, uniq_rupert
D:14:     layout_basic, minmay_tree_intersection, kennysheep_generic_room_6,
          uniq_josephine
D:15:     grunt_enter_depths_snipers, layout_cave_pools, minivault_14,
          hangedman_abyss_or_decor_stabs
Temple:   minmay_temple_curvy_loop
Lair:1:   layout_gridlike, uniq_fannar
Lair:2:   layout_roguey
Lair:3:   layout_hall_layers, lemuel_fruit_tree, grunt_megastairs_3
Lair:4:   mu_elephants_graveyard, layout_gridlike, swamp_mist,
          fungi_pond_lemuel, beast_lair_carwin_2, infiniplex_staircase_pool,
          serial_bayou_shore_b
Lair:5:   layout_roguey, slime_altar_2, basic_altar, serial_bayou_pond_c,
          lemuel_old_faithful, uniq_urug
Lair:6:   evilmike_catoblepas_cave, layout_long_grid, uniq_sonja
Swamp:1:  layout_basic_swamp, serial_swamp_ruin, hangedman_swamp_ruin_wall,
          evilmike_swamp_ruin_house_6, evilmike_swamp_ruin_wall, uniq_kirke,
          uniq_roxanne
Swamp:2:  layout_basic_swamp, ebering_ghost_disaster_area,
          nicolae_swamp_godswood, nicolae_swamp_baby_hydras
Swamp:3:  layout_falls_marsh, infiniplex_staircase_pool_2
Swamp:4:  swamp_alternative, layout_basic_swamp
Snake:1:  layout_chambers
Snake:2:  layout_onion, minmay_shop_grove
Snake:3:  layout_chambers, grunt_megastairs_2, serial_bayou_shore_a,
          uniq_nikola, uniq_aizul
Snake:4:  minmay_snake_end_coiled, layout_cave_town
Orc:1:    layout_caves, basic_altar, nicolae_orc_lava_tube
Orc:2:    kennysheep_orc_mage_school, layout_diamond_mine, uniq_nessos
Elf:1:    elf_arrival_001, layout_geoelf_octagon, minmay_elf_annihilation,
          uniq_frances
Elf:2:    layout_geoelf_diagonals, serial_shops, shop,
          hangedman_research_pyrotechnics, uniq_jorgrun, uniq_louise
Elf:3:    minmay_elf_hall_quartered_circle, layout_geoelf_diagonals,
          serial_sigils, serial_sigils_hangedman_gut,
          serial_sigils_hangedman_carve, serial_sigils_hangedman_scratch,
          serial_shops, bzr_entry_road, special_room [special_room_orc]
Vaults:1: nicolae_vaults_little_ls, ontoclasm_vaults_bender, v_misc_13,
          hangedman_vaults_variations, vaults_room_fours,
          layout_vaults_chaotic_city, serial_shops, nicolae_shop_stone
Vaults:2: nicolae_vaults_shelves_hall, nicolae_vaults_network_s, v_misc_18,
          v_misc_13, st_hourglassy, v_misc_30, nicolae_vaults_big_ls,
          hangedman_vaults_restitches, ontoclasm_vaults_twist, v_pattern_4,
          v_misc_22, layout_vaults_omnibox, uniq_mennas, uniq_sojobo

Skill      XL: |  1  2  3  4  5  6  7  8  9 10 11 12 13 14 15 16 17 18 19 20 |
---------------+-------------------------------------------------------------+-----
Earth Magic    | 4 5 6 7 8 9 10 11 12 13 14 15 | 15.2
Conjurations   | 1 2 3 4 5 6 7 8 9 10 11 12 13 14 15 | 15.0
Spellcasting   | 3 4 5 6 7 8 9 10 11 12 13 14 | 14.4
Armour         | 1 2 4 5 6 |  6.0
Fighting       | 1 2 4 5 6 8 9 10 11 12 13 14 | 14.6
Maces & Flails | 1 2 3 4 5 7 8 9 10 11 12 13 | 13.3
Dodging        | 2 3 4 5 6 7 8 9 10 11 | 11.7
Evocations     | 1 2 3 4 5 6 |  6.0
Fire Magic     | 3 6 8 10 12 13 14 | 14.3
Stealth        | |  2.1
Transmutations | |  0.7

Action                   |  1- 3 |  4- 6 |  7- 9 | 10-12 | 13-15 | 16-18 | 19-21 || total
-------------------------+-------+-------+-------+-------+-------+-------+-------++-------
Melee: Club              |    78 |   171 |    70 |       |       |       |       ||   319
       Lajatang          |       |       |     5 |       |       |       |       ||     5
       Dagger            |       |       |   290 |   387 |       |       |       ||   677
       Dire flail        |       |       |       |    54 |  1194 |  1058 |   632 ||  2938
Throw: Dart              |    10 |     7 |       |       |       |       |       ||    17
       Stone             |     1 |       |       |       |       |       |       ||     1
 Cast: Sandblast         |    32 |   100 |    66 |   165 |    78 |    16 |     2 ||   459
       Stone Arrow       |     1 |       |    14 |    51 |    26 |       |       ||    92
       Lee's Rapid Decon |       |       |    16 |    72 |    22 |    34 |    27 ||   171
       Venom Bolt        |       |       |       |       |    82 |     4 |       ||    86
       Iron Shot         |       |       |       |       |     1 |   105 |    46 ||   152
       Bolt of Fire      |       |       |       |       |       |   111 |    99 ||   210
       Fireball          |       |       |       |       |       |    29 |     7 ||    36
       Ignition          |       |       |       |       |       |       |    25 ||    25
 Abil: Fly               |       |       |       |       |     1 |       |       ||     1
Evoke: Wand              |       |       |     3 |    15 |     5 |     1 |     2 ||    26
  Use: Scroll            |     1 |     7 |     8 |    17 |    12 |    14 |     6 ||    65
       Potion            |       |     4 |       |     2 |     3 |       |    10 ||    19
 Stab: Sleeping          |     1 |     2 |     2 |     2 |     6 |     7 |     1 ||    21
       Distracted        |       |     1 |       |     2 |     1 |       |       ||     4
  Eat: Chunk             |     1 |    12 |    15 |    28 |    57 |    50 |    63 ||   226
       Ration            |       |       |     1 |     5 |     1 |    19 |     5 ||    31
Armor: Robe              |    43 |    95 |   149 |   283 |   614 |   496 |   296 ||  1976
Dodge: Dodged            |    87 |   158 |   225 |   341 |   950 |   755 |   474 ||  2990
Block: Other             |       |     9 |   106 |   167 |   369 |   288 |   137 ||  1076
       Reflection        |       |       |       |    11 |    12 |    17 |    12 ||    52

Table legend:
 A = Non-vault XP
 B = Vault XP
 C = Vault XP percentage of total XP
 D = Non-vault monster count
 E = Vault monster count
 F = Vault count percentage of total count
                 A         B        C        D         E       F
            +---------+---------+-------+---------+---------+-------
      Total |  278028 |  218876 |  44.0 |     948 |     454 |  32.4
            +---------+---------+-------+---------+---------+-------
        D:1 |      34 |       0 |   0.0 |      20 |       0 |   0.0
        D:2 |      98 |      36 |  26.9 |      27 |      11 |  28.9
        D:3 |     117 |       0 |   0.0 |      28 |       0 |   0.0
        D:4 |     373 |      34 |   8.4 |      26 |       4 |  13.3
        D:5 |    1253 |       0 |   0.0 |      27 |       0 |   0.0
        D:6 |     552 |     447 |  44.7 |      16 |       3 |  15.8
        D:7 |     452 |     283 |  38.5 |       7 |       1 |  12.5
        D:8 |    1148 |     863 |  42.9 |      31 |       6 |  16.2
        D:9 |    1437 |    3749 |  72.3 |      18 |      32 |  64.0
       D:10 |    6044 |    1292 |  17.6 |      63 |       3 |   4.5
       D:11 |    3437 |     497 |  12.6 |      40 |       4 |   9.1
       D:12 |    5729 |       0 |   0.0 |      23 |       0 |   0.0
       D:13 |    7059 |    7547 |  51.7 |      32 |      13 |  28.9
       D:14 |   11169 |    2412 |  17.8 |      40 |       6 |  13.0
       D:15 |   10788 |    2285 |  17.5 |      43 |       3 |   6.5
     Lair:1 |    6834 |     981 |  12.6 |      27 |       1 |   3.6
     Lair:2 |    4227 |       0 |   0.0 |      13 |       0 |   0.0
     Lair:3 |    4213 |      81 |   1.9 |      24 |       1 |   4.0
     Lair:4 |    3171 |    9089 |  74.1 |      14 |      19 |  57.6
     Lair:5 |    5493 |     831 |  13.1 |      15 |       1 |   6.2
     Lair:6 |    4123 |   11634 |  73.8 |      13 |      24 |  64.9
    Swamp:1 |   11535 |    4730 |  29.1 |      23 |       6 |  20.7
    Swamp:2 |   17946 |    4905 |  21.5 |      37 |       5 |  11.9
    Swamp:3 |   11253 |   12040 |  51.7 |      31 |      14 |  31.1
    Swamp:4 |    9078 |    7354 |  44.8 |      17 |      12 |  41.4
    Snake:1 |   15829 |       0 |   0.0 |      32 |       0 |   0.0
    Snake:2 |    3504 |       0 |   0.0 |       9 |       0 |   0.0
    Snake:3 |    9549 |    9976 |  51.1 |      19 |      13 |  40.6
    Snake:4 |    7884 |   23291 |  74.7 |      13 |      44 |  77.2
      Orc:1 |    2278 |       0 |   0.0 |      12 |       0 |   0.0
      Orc:2 |    3861 |    8811 |  69.5 |      38 |      35 |  47.9
      Elf:1 |   17656 |    6932 |  28.2 |      29 |       8 |  21.6
      Elf:2 |    6226 |   10151 |  62.0 |       8 |      14 |  63.6
      Elf:3 |   23704 |   51340 |  68.4 |      30 |      56 |  65.1
   Vaults:1 |   50039 |    6118 |  10.9 |      79 |      10 |  11.2
   Vaults:2 |    9935 |   27559 |  73.5 |      24 |      33 |  57.9
      Sewer |       0 |     208 | 100.0 |       0 |      40 | 100.0
    Ossuary |       0 |     138 | 100.0 |       0 |      21 | 100.0
      IceCv |       0 |    3262 | 100.0 |       0 |      11 | 100.0
            +---------+---------+-------+---------+---------+-------
